 Dungeon Crawl Stone Soup version 0.19.1-1-g22dce08 (webtiles) character file.

868 Gargoyl the Chopper (level 8, 0/67 HPs)
             Began as a Ghoul Abyssal Knight on Jan 4, 2017.
             Was a Priest of Lugonu.
             Slain by an ogre
             ... wielding a +0 giant spiked club
              (20 damage)
             ... on level 4 of the Dungeon.
             The game lasted 00:13:28 (3910 turns).

Gargoyl the Chopper (Ghoul Abyssal Knight)          Turns: 3910, Time: 00:13:28

Health: 0/67       AC: 15    Str: 16    XL:     8   Next: 3%
Magic:  10/10      EV:  2    Int:  7    God:    Lugonu [***...]
Gold:   134        SH:  8    Dex: 10    Spells: 0 memorised, 7 levels left

rFire  . . .     SeeInvis .     a - +1 hand axe
rCold  + + .     Gourm    .     e - +0 plate armour
rNeg   + + +     Faith    .     h - +0 shield (curse)
rPois  ∞         Spirit   .     o - +2 helmet
rElec  .         Reflect  .     (no cloak)
rCorr  +         Harm     .     (no gloves)
MR     .....                    (no boots)
Stlth  ..........               (no amulet)
                                t - ring of protection from cold
                                l - ring of resist corrosion

@: rotting
A: rotting body, claws 1, carnivore 3, cold resistance 1, negative energy
resistance 3, slow regeneration 1, torment resistance, unbreathing
a: Depart the Abyss, Bend Space, Banish, Renounce Religion


You were on level 4 of the Dungeon.
You worshipped Lugonu.
Lugonu was most pleased with you.
You were not hungry.

You visited 1 branch of the dungeon, and saw 4 of its levels.
You visited the Abyss 1 time.

You collected 134 gold pieces.

Inventory:

Hand Weapons
 a - a +1 hand axe (weapon)
Armour
 e - a +0 plate armour (worn)
 h - a cursed +0 shield (worn)
 o - a +2 helmet (worn)
Jewellery
 l - a ring of resist corrosion (left claw)
 t - a ring of protection from cold (right claw)
Wands
 x - a wand of hasting (5/9)
Scrolls
 b - a scroll of teleportation
 g - 3 scrolls of amnesia {unknown}
 n - 3 scrolls of fear {unknown}
 p - 3 scrolls of enchant armour {unknown}
 q - 7 scrolls of identify {unknown}
 r - 4 scrolls of remove curse
 u - a scroll of recharging {unknown}
 w - a scroll of enchant weapon {unknown}
 y - a scroll of blinking {unknown}
Potions
 d - a potion of haste {unknown}
 f - a potion of heal wounds
 i - a potion of berserk rage {unknown}
 j - a potion of cancellation {unknown}
 k - a potion of mutation {unknown}
 m - 2 potions of flight {unknown}
 s - 2 potions of curing {unknown}
 A - a potion of ambrosia {unknown}
Comestibles
 c - 2 meat rations
 v - a beef jerky
 z - a slice of pizza
 B - a chunk of flesh


   Skills:
 + Level 4.7 Fighting
 + Level 4.9 Axes
 + Level 0.1 Throwing
 * Level 4.3 Armour
 + Level 1.2 Dodging
 + Level 2.1 Shields
 * Level 4.2 Invocations


You had 7 spell levels left.
You didn't know any spells.

Dungeon Overview and Level Annotations

Branches:
Dungeon (4/15)
 Temple: D:4-7

Altars:

Annotations:
D:3 1 exclusion


Innate Abilities, Weirdness & Mutations

Your body is rotting away.
You thrive on raw meat.
You are immune to poison.
You have sharp fingernails.
You are carnivorous and can eat meat at any time.
Your flesh is cold resistant. (rC+)
You are immune to negative energy. (rN+++)
You regenerate slowly when monsters are visible.
You are immune to unholy pain and torment.
You can survive without breathing.


Message History

The ogre hits you with a giant spiked club!!
You hit the ogre.
The ogre is lightly wounded.
Your shield and plate armour prevent you from hitting the ogre.
The ogre is lightly wounded.
The ogre hits you but does no damage.
Your shield and plate armour prevent you from hitting the ogre.
The ogre is lightly wounded.
The ogre hits you with a giant spiked club!
You hit the ogre.
The ogre is moderately wounded.
You block the ogre's attack.
You barely miss the ogre.
The ogre is moderately wounded.
The ogre hits you with a giant spiked club!!
* * * LOW HITPOINT WARNING * * *
You hit the ogre.
The ogre is moderately wounded.
The ogre hits you with a giant spiked club!!
You die...

......#.....#............#...#...
......#.....#............+...'...
......#.....#............#...#...
......#####'#............#####...
##.........<....######......###'#
#..............#....#......#....
#..............#....#......#....
#..............#....#......'....
#..............@O...#......#....
#..............#....#......#....
#[.............######......#####
################ ########


You could see an ogre.

Vanquished Creatures
  Grinder (D:4)
  Menkaure (D:4)
  Duvessa (D:4)
  Dowan (D:4)
  The ghost of cuckmaster the Stinger, a weakling OpVM (D:3)
  2 orc priests (D:3)
  A bullfrog skeleton (D:4)
  A worker ant (D:4)
  Robin (D:2)
  3 gnolls (D:3)
  7 adders
  An ooze (D:4)
  2 worms
  12 dart slugs
  3 leopard geckos
  15 orcs
  2 ball pythons (D:3)
  5 giant cockroaches
  11 goblins
  12 hobgoblins
  3 jackals
  5 kobolds
  3 quokkas
  3 bats
  5 frilled lizards
  12 rats
114 creatures vanquished.

Notes
Turn   | Place    | Note
-------+----------+-------------------------------------------
     0 | Abyss:1  | Gargoyl the Ghoul Abyssal Knight began the quest for the Orb.
     0 | Abyss:1  | Reached XP level 1. HP: 19/19 MP: 1/1
    40 | Abyss:2  | Noticed a large abomination
    73 | Abyss:2  | Found a snail-covered altar of Cheibriados.
   107 | Abyss:2  | Noticed a great orb of eyes
   107 | Abyss:2  | Paralysed by a great orb of eyes for 3 turns
   110 | D:1      | Escaped the Abyss
   228 | D:1      | Reached XP level 2. HP: 26/26 MP: 2/2
   322 | D:1      | Reached * piety under Lugonu
   641 | D:2      | Noticed Robin
   659 | D:2      | Reached XP level 3. HP: 23/33 MP: 3/3
   682 | D:2      | Killed Robin
   993 | D:2      | Reached ** piety under Lugonu
   996 | D:2      | Reached XP level 4. HP: 36/40 MP: 4/4
  1911 | D:3      | Reached XP level 5. HP: 45/46 MP: 6/6
  1960 | D:3      | Noticed cuckmaster's ghost (weakling OpVM)
  1983 | D:3      | Killed cuckmaster's ghost
  2068 | D:3      | Reached *** piety under Lugonu
  2223 | D:3      | Reached XP level 6. HP: 31/52 MP: 7/7
  2287 | D:3      | Reached skill level 1 in Shields
  2794 | D:4      | Noticed Duvessa
  2796 | D:4      | Noticed Dowan
  2826 | D:4      | Killed Duvessa
  2826 | D:4      | Reached skill level 1 in Dodging
  2826 | D:4      | Reached XP level 7. HP: 41/59 MP: 8/8
  2848 | D:4      | Killed Dowan
  2983 | D:4      | Noticed Menkaure
  3005 | D:4      | Killed Menkaure
  3386 | D:4      | Noticed Grinder
  3389 | D:4      | Paralysed by Grinder for 2 turns
  3398 | D:4      | Paralysed by Grinder for 4 turns
  3406 | D:4      | Paralysed by Grinder for 6 turns
  3415 | D:4      | Paralysed by Grinder for 5 turns
  3429 | D:4      | Paralysed by Grinder for 3 turns
  3442 | D:4      | Killed Grinder
  3442 | D:4      | Reached XP level 8. HP: 21/67 MP: 10/10
  3910 | D:4      | Slain by an ogre

Skill      XL: |  1  2  3  4  5  6  7 |
---------------+----------------------+-----
Armour         | 2 3 4 |  4.3
Axes           | 2 3 4 |  4.9
Fighting       | 4 |  4.7
Invocations    | 3 4 |  4.2
Shields        | 1 2 |  2.1
Dodging        | 1 |  1.2
Throwing       | |  0.1

Action                   |  1- 3 |  4- 6 |  7- 9 || total
-------------------------+-------+-------+-------++-------
Melee: Hand axe          |   130 |   307 |   114 ||   551
Throw: Tomahawk          |       |     3 |       ||     3
Invok: Depart the Abyss  |     1 |       |       ||     1
  Use: Scroll            |     4 |       |       ||     4
  Eat: Chunk             |    14 |    35 |    16 ||    65
Armor: Plate armour      |   108 |   255 |    69 ||   432
Dodge: Dodged            |    17 |    29 |     8 ||    54
Block: Shield            |    32 |   126 |    32 ||   190
